 Dungeon Crawl Stone Soup version 0.22-a0-756-gc33bbe721d (webtiles) character file.

100 RedPan the Skirmisher (level 4, -5/40 HPs)
             Began as a Ghoul Monk on July 16, 2018.
             Splashed by a jelly's acid (6 damage)
             ... on level 3 of the Dungeon.
             The game lasted 00:06:08 (2810 turns).

RedPan the Skirmisher (Ghoul Monk)                  Turns: 2810, Time: 00:06:09

Health: -5/40      AC:  4    Str: 14    XL:     4   Next: 73%
Magic:  3/3        EV:  4    Int:  6    God:
Gold:   148        SH:  0    Dex: 11    Spells: 3/3 levels left

rFire    . . .     SeeInvis +   a - +0 spear
rCold    + . .     Gourm    .   (no shield)
rNeg     + + +     Faith    .   d - +0 plate armour
rPois    ∞         Spirit   .   s - +1 hat
rElec    .         Reflect  .   (no cloak)
rCorr    .         Harm     .   (no gloves)
MR       .....                  k - +0 pair of boots
Stlth    ..........             (no amulet)
HPRegen  0.00/turn              g - ring of see invisible
MPRegen  0.08/turn              (no ring)

@: corroded, rotting
A: rotting body, claws 1, carnivore, cold resistance 1, negative energy
resistance 3, inhibited regeneration, torment resistance, unbreathing
a: no special abilities


You were on level 3 of the Dungeon.
You were not hungry.

You visited 1 branch of the dungeon, and saw 3 of its levels.

You collected 148 gold pieces.

Inventory:

Hand Weapons
 a - a +0 spear (weapon)
Missiles
 h - 2 steel javelins (quivered)
 l - 18 stones
Armour
 b - a +0 robe
 d - a +0 plate armour (worn)
 k - a +0 pair of boots (worn)
 q - a +0 leather armour
 s - a +1 hat (worn)
Jewellery
 g - a ring of see invisible (left claw)
 r - an uncursed ring of protection from cold {unknown}
Scrolls
 e - a scroll of identify
 i - a scroll of amnesia
 j - a scroll of fear {unknown}
 m - a scroll of noise {unknown}
 p - a scroll of enchant weapon {unknown}
Potions
 f - 2 potions of curing
 n - 5 potions of lignification
Comestibles
 c - 6 rations


   Skills:
 - Level 4.0 Fighting
 * Level 3.9 Polearms
 + Level 3.3 Dodging
 - Level 2.1 Stealth


You had 3 spell levels left.
You didn't know any spells.
Your spell library was empty.

Dungeon Overview and Level Annotations

Branches:
Dungeon (3/15)

Altars:
Kikubaaqudgha

Annotations:
D:3 1 runed door


Innate Abilities, Weirdness & Mutations

Your body is rotting away.
You thrive on raw meat.
You are immune to poison.
You have sharp fingernails.
You are carnivorous and can eat meat at any time.
Your flesh is cold resistant. (rC+)
You are immune to negative energy. (rN+++)
You do not regenerate when monsters are visible.
You are immune to unholy pain and torment.
You can survive without breathing.


Message History

Eat a chunk of flesh? (ye/n/q)
You eat the chunk of flesh.
This raw flesh tastes great!
The jelly hits you but does no damage.
Okay, then.
You hit the jelly but do no damage.
Your claws burn!
* * * LOW HITPOINT WARNING * * *
The jelly is lightly wounded.
The jelly hits you but does no damage.
Okay, then.
You hit the jelly.
Your claws burn!
* * * LOW HITPOINT WARNING * * *
The jelly is moderately wounded.
The jelly hits you but does no damage.
You hit the jelly but do no damage.
Your claws burn!
* * * LOW HITPOINT WARNING * * *
The jelly is moderately wounded.
The jelly hits you.
* * * LOW HITPOINT WARNING * * *
You are splashed with acid!
The acid burns!
You die...

#.# #.#
#.# #.#
#######.#
........#
.########
.#
#######.#
>#
##@J)...#
.#
#.########
.#
##..'....#
.#
####....#
.#
#.......#
.#
#.......#
#.≈$#
.####
#.......#
#.≈.#
....######
#....(..#
#.≈.#
.........#
...
##.....##
#.≈.#


You could see a jelly.

Vanquished Creatures
  3 adders
  An ooze (D:1)
  2 dart slugs (D:1)
  A leopard gecko (D:1)
  2 giant cockroaches (D:2)
  9 goblins
  8 hobgoblins
  4 jackals (D:1)
  2 quokkas
  2 ball pythons (D:1)
  5 bats
  4 frilled lizards
  15 kobolds
  4 rats (D:1)
62 creatures vanquished.

Vanquished Creatures (others)
  11 toadstools (D:3)
11 creatures vanquished.

Grand Total: 73 creatures vanquished

Notes
Turn   | Place    | Note
-------+----------+-------------------------------------------
     0 | D:1      | RedPan the Ghoul Monk began the quest for the Orb.
     0 | D:1      | Reached XP level 1. HP: 19/19 MP: 0/0
   398 | D:1      | Reached XP level 2. HP: 17/25 MP: 1/1
  1137 | D:1      | Reached XP level 3. HP: 29/31 MP: 2/2
  1568 | D:2      | Reached XP level 4. HP: 40/40 MP: 3/3
  2435 | D:3      | Reached skill level 4 in Fighting
  2630 | D:3      | Found a runed door.
  2709 | D:3      | Found an ancient bone altar of Kikubaaqudgha.
  2810 | D:3      | HP: 2/40 [acid (5)]
  2810 | D:3      | Splashed by a jelly's acid

Vault maps used:
D:1:      nagdon_arrival_double_spiral
D:3:      cheibrodos_fertilizer, lemuel_doored_altar,
          ebering_ghost_reflecting_pool

Skill      XL: |  1  2  3  4 |
---------------+-------------+-----
Polearms       | 3 |  3.9
Dodging        | 3 |  3.3
Fighting       | 4 |  4.0
Stealth        | |  2.1

Action                   |  1- 3 |  4- 6 || total
-------------------------+-------+-------++-------
Melee: Spear             |   133 |   134 ||   267
  Use: Scroll            |       |     8 ||     8
 Stab: Sleeping          |     6 |     3 ||     9
  Eat: Chunk             |     9 |     5 ||    14
Armor: Robe              |    24 |     8 ||    32
       Plate armour      |       |    39 ||    39
       Leather armour    |       |     1 ||     1
Dodge: Dodged            |    70 |    42 ||   112

Table legend:
 A = Spawn XP
 B = Non-spawn XP
 C = Spawn XP percentage of total XP
 D = Spawn monster count
 E = Non-spawn monster count
 F = Spawn count percentage of total count
 G = Total turns spent on level
                    A         B        C        D         E        F      G
               +---------+---------+-------+---------+---------+-------+---------
         Total |       0 |     143 |   0.0 |       0 |      62 |   0.0 |  2810
               +---------+---------+-------+---------+---------+-------+---------
           D:1 |       0 |      46 |   0.0 |       0 |      23 |   0.0 |  1315
           D:2 |       0 |      63 |   0.0 |       0 |      23 |   0.0 |   905
           D:3 |       0 |      34 |   0.0 |       0 |      16 |   0.0 |   590
               +---------+---------+-------+---------+---------+-------+---------
